[Event "RUS-chT Higher League 2021"]
[Site "Sochi"]
[Date "2021.05.01"]
[Round "1.2"]
[White "Alikhanov, Felix"]
[Black "Drygalov, Andrey"]
[Result "0-1"]
[ECO "B90"]
[WhiteElo "2449"]
[BlackElo "2500"]
[Annotator "ChessBase"]
[PlyCount "68"]
[EventDate "2021.05.01"]
[EventType "team-tourn"]
[EventCountry "RUS"]
[SourceTitle "playchess.com"]
[Source "ChessBase"]
[SourceQuality "1"]
[TimeControl "40/5400+30:1800+30"]

1. e4 c5 2. Nf3 d6 3. Nc3 Nf6 4. d4 cxd4 5. Nxd4 a6 6. Bc4 e6 7. Bb3 Nbd7 8. Bg5 Nc5 9. Qe2 Be7 10. f4 h6 11. Bxf6 Bxf6 12. O-O-O Qc7 13. Kb1 Bd7 14. Rhe1 O-O 15. g4 b5 16. e5 dxe5 17. fxe5 Bh4 18. Rg1 b4 19. Nf3 Be7 20. Ne4 Nxe4 21. Qxe4 Bc6 22. Qc4 Qb7 23. Nd4 Bd5 24. Qe2 Rfd8 25. Bxd5 Rxd5 26. Rd3 Qc7 27. Nf3 Rxd3 28. Qxd3 a5 29. h4 Rd8 30. Qe2 Qc5 31. g5 hxg5 32. hxg5 Bxg5 33. Rxg5 Qf2 34. Ng1 Rd2 0-1

[Event "RUS-chT Higher League 2021"]
[Site "Sochi"]
[Date "2021.05.01"]
[Round "1.3"]
[White "Gutenev, Alexander"]
[Black "Mutovin, Egor"]
[Result "1-0"]
[ECO "B90"]
[WhiteElo "2431"]
[BlackElo "1904"]
[Annotator "NA"]
[PlyCount "103"]
[EventDate "2021.05.01"]
[EventType "team-tourn"]
[EventCountry "RUS"]
[SourceTitle "playchess.com"]
[Source "ChessBase"]
[SourceQuality "1"]
[TimeControl "40/5400+30:1800+30"]

1. e4 c5 2. Nf3 d6 3. d4 cxd4 4. Nxd4 Nf6 5. Nc3 a6 6. h3 e5 7. Nb3 Be6 8. f4 Nc6 9. f5 Bxb3 10. axb3 d5 11. exd5 Nd4 12. Qd3 Bb4 13. Bd2 O-O 14. O-O-O Nxd5 15. Kb1 Bxc3 16. bxc3 Nb5 17. Kb2 e4 18. Qxe4 Ndxc3 19. Bxc3 Nxc3 20. Rxd8 Nxe4 21. Rxa8 Rxa8 22. Bc4 Nd6 23. Bd5 Rd8 24. g4 Kf8 25. c4 b6 26. b4 b5 27. c5 Ne8 28. Bb7 Nc7 29. Re1 h6 30. Kc3 Rb8 31. Bc6 Rd8 32. Re2 Rd1 33. h4 f6 34. Bb7 Rd8 35. Ra2 Rb8 36. Bf3 Re8 37. Kd4 Rd8+ 38. Kc3 Re8 39. Rd2 Re3+ 40. Rd3 Rxd3+ 41. Kxd3 Ke7 42. Bb7 Kd7 43. Ke4 Ke7 44. Kf4 Kf8 45. g5 Kf7 46. Kg4 hxg5 47. hxg5 g6 48. fxg6+ Kxg6 49. Be4+ Kg7 50. g6 Kh6 51. Kf5 Kg7 52. Bb7 1-0

[Event "RUS-chT Higher League 2021"]
[Site "Sochi"]
[Date "2021.05.01"]
[Round "1.4"]
[White "Ibraev, Rustam"]
[Black "Radzhabov, Rodion"]
[Result "1/2-1/2"]
[ECO "B31"]
[WhiteElo "2243"]
[BlackElo "2352"]
[Annotator "NA"]
[PlyCount "78"]
[EventDate "2021.05.01"]
[EventType "team-tourn"]
[EventCountry "RUS"]
[SourceTitle "playchess.com"]
[Source "ChessBase"]
[SourceQuality "1"]
[TimeControl "40/5400+30:1800+30"]

1. e4 c5 2. Nf3 Nc6 3. Bb5 g6 4. O-O Bg7 5. Bxc6 bxc6 6. Re1 Nh6 7. d3 O-O 8. h3 d6 9. e5 Rb8 10. Nbd2 f6 11. exd6 exd6 12. Nc4 Nf7 13. Bf4 Ne5 14. b3 Be6 15. Rb1 Qd7 16. Bg3 Rbe8 17. Nfd2 Nxc4 18. Nxc4 d5 19. Nd2 Bf7 20. Nf3 Rxe1+ 21. Qxe1 c4 22. d4 Re8 23. Qd2 cxb3 24. Rxb3 Bf8 25. Bf4 g5 26. Be3 Bg6 27. Ne1 g4 28. hxg4 Qxg4 29. f3 Qe6 30. Kf2 Bd6 31. Nd3 Qf5 32. Bf4 Bf8 33. Rb7 Re7 34. g4 Qe6 35. Nc5 Qf7 36. Rb8 Re8 37. Rb7 Re7 38. Rb8 Re8 39. Rb7 Re7 1/2-1/2

[Event "RUS-chT Higher League 2021"]
[Site "Sochi"]
[Date "2021.05.01"]
[Round "1.7"]
[White "Ter-Saakian, Grigorii"]
[Black "Garifullina, Leya"]
[Result "0-1"]
[ECO "A45"]
[WhiteElo "2238"]
[BlackElo "2386"]
[Annotator "NA"]
[PlyCount "82"]
[EventDate "2021.05.01"]
[EventType "team-tourn"]
[EventCountry "RUS"]
[SourceTitle "playchess.com"]
[Source "ChessBase"]
[SourceQuality "1"]
[TimeControl "40/5400+30:1800+30"]

1. d4 Nf6 2. Nc3 d5 3. Bf4 c5 4. e3 cxd4 5. exd4 a6 6. Bd3 Nc6 7. Nge2 Bg4 8. f3 Bh5 9. a3 Bg6 10. Bxg6 hxg6 11. Qd3 e6 12. g3 Rc8 13. b4 Nh5 14. Bd2 Bd6 15. Kf2 Nf6 16. Kg2 Ne7 17. Na4 Qc7 18. Rac1 Qc4 19. Nc5 Qxd3 20. cxd3 Rb8 21. Rc2 O-O 22. Rhc1 Rfc8 23. Bg5 Rc7 24. Rc3 Ra8 25. Kf2 b6 26. Na4 Rb7 27. Bf4 Bxf4 28. Nxf4 Nf5 29. Rc8+ Rxc8 30. Rxc8+ Kh7 31. Ra8 Nxd4 32. Rxa6 Nd7 33. Nc3 Ne5 34. Ke3 Nf5+ 35. Kf2 g5 36. Nfe2 Nxd3+ 37. Kf1 Ne3+ 38. Kg1 e5 39. h4 gxh4 40. gxh4 f5 41. Ra8 Rc7 0-1

[Event "RUS-chT Higher League 2021"]
[Site "Sochi"]
[Date "2021.05.01"]
[Round "1.8"]
[White "Pingin, Artem"]
[Black "Veselov, Yaroslav"]
[Result "1-0"]
[ECO "B48"]
[WhiteElo "2347"]
[BlackElo "1893"]
[Annotator "NA"]
[PlyCount "65"]
[EventDate "2021.05.01"]
[EventType "team-tourn"]
[EventCountry "RUS"]
[SourceTitle "playchess.com"]
[Source "ChessBase"]
[SourceQuality "1"]
[TimeControl "40/5400+30:1800+30"]

1. e4 c5 2. Nf3 e6 3. d4 cxd4 4. Nxd4 Nc6 5. Nc3 Qc7 6. Be3 a6 7. Qd2 Nf6 8. a3 b5 9. Nxc6 dxc6 10. f3 Be7 11. Qf2 e5 12. g4 Be6 13. h4 O-O 14. Bh3 a5 15. Ne2 c5 16. Ng3 Rfc8 17. g5 Ne8 18. Nf5 Nd6 19. h5 Bxf5 20. exf5 f6 21. h6 fxg5 22. f6 gxf6 23. O-O-O Rd8 24. Be6+ Kh8 25. Qe2 Rab8 26. Bxg5 Nc4 27. Bh4 e4 28. Qxe4 Qe5 29. Bxc4 Qxe4 30. fxe4 bxc4 31. e5 Rf8 32. Rd7 Rbe8 33. Rg1 1-0

[Event "RUS-chT Higher League 2021"]
[Site "Sochi"]
[Date "2021.05.01"]
[Round "1.9"]
[White "Sveshnikov, Evgeny"]
[Black "Skvortsov, Andrei"]
[Result "0-1"]
[ECO "C28"]
[WhiteElo "2478"]
[BlackElo "2108"]
[Annotator "ChessBase"]
[PlyCount "112"]
[EventDate "2021.05.01"]
[EventType "team-tourn"]
[EventCountry "RUS"]
[SourceTitle "playchess.com"]
[Source "ChessBase"]
[SourceQuality "1"]
[TimeControl "40/5400+30:1800+30"]

1. e4 e5 2. Nc3 Nc6 3. Bc4 Nf6 4. d3 Na5 5. Nf3 Nxc4 6. dxc4 Bb4 7. Bd2 Bxc3 8. Bxc3 d6 9. Qd3 Qe7 10. O-O b6 11. Rfe1 a5 12. Nd2 g5 13. Nf1 Be6 14. Ne3 Nd7 15. Qe2 h5 16. b3 Nf6 17. Qd3 g4 18. Nd5 Nxd5 19. cxd5 Bd7 20. f4 gxf3 21. Qxf3 O-O-O 22. Rf1 Rdf8 23. Qd3 Kb7 24. Rf2 Rh7 25. a4 f5 26. exf5 e4 27. Qc4 e3 28. Rf3 Rxf5 29. Rxf5 Bxf5 30. b4 Qe4 31. Qxe4 Bxe4 32. bxa5 Bxc2 33. axb6 cxb6 34. Re1 Re7 35. Bb4 Re4 36. Bxd6 Bb3 37. g3 Bxd5 38. Bf4 e2 39. Kf2 Bc4 40. Bd2 Rd4 41. Ke3 Rd6 42. Rc1 Re6+ 43. Kf2 Bb3 44. a5 b5 45. Rc5 Bc4 46. Be1 Rf6+ 47. Ke3 Rf1 48. Kd2 Rf3 49. Kc2 Rf1 50. Kd2 Rf3 51. Kc2 Rd3 52. Rxh5 Rd1 53. Rh7+ Kc6 54. Rh6+ Kd5 55. Bd2 Bd3+ 56. Kc3 b4+ 0-1

[Event "RUS-chT Higher League 2021"]
[Site "Sochi"]
[Date "2021.05.01"]
[Round "1.10"]
[White "Chibukhchyan, Erik"]
[Black "Rashkovsky, Nukhim N"]
[Result "0-1"]
[ECO "E11"]
[WhiteElo "2205"]
[BlackElo "2446"]
[Annotator "NA"]
[PlyCount "79"]
[EventDate "2021.05.01"]
[EventType "team-tourn"]
[EventCountry "RUS"]
[SourceTitle "playchess.com"]
[Source "ChessBase"]
[SourceQuality "1"]
[TimeControl "40/5400+30:1800+30"]

1. d4 Nf6 2. c4 e6 3. Nf3 Bb4+ 4. Nbd2 d6 5. a3 Bxd2+ 6. Qxd2 b6 7. g3 Bb7 8. Bg2 O-O 9. O-O a5 10. b3 Nbd7 11. Bb2 Ne4 12. Qc2 f5 13. Ne1 c5 14. Nd3 cxd4 15. Bxd4 e5 16. Bb2 Rc8 17. f3 Nef6 18. Nf2 g6 19. Qd2 Qe7 20. Rad1 Ne8 21. Rc1 Nc5 22. Qc2 a4 23. bxa4 Qd7 24. Nd3 Qxa4 25. Nxc5 Qxc2 26. Rxc2 Rxc5 27. Bc1 Ba6 28. f4 e4 29. Be3 Rxc4 30. Rd2 b5 31. Kf2 Rf7 32. Ra1 Rfc7 33. Raa2 Kf7 34. h3 Ke6 35. g4 Nf6 36. Bd4 R7c6 37. e3 fxg4 38. hxg4 Nxg4+ 39. Kg3 Nf6 40. Bf1 0-1

[Event "RUS-chT Higher League 2021"]
[Site "Sochi"]
[Date "2021.05.01"]
[Round "1.11"]
[White "Kalegin, Evgenij"]
[Black "Galchenko, Vadim"]
[Result "1-0"]
[ECO "C11"]
[WhiteElo "2414"]
[BlackElo "2121"]
[Annotator "NA"]
[PlyCount "67"]
[EventDate "2021.05.01"]
[EventType "team-tourn"]
[EventCountry "RUS"]
[SourceTitle "playchess.com"]
[Source "ChessBase"]
[SourceQuality "1"]
[TimeControl "40/5400+30:1800+30"]

1. e4 e6 2. d4 d5 3. Nc3 Nf6 4. e5 Nfd7 5. f4 c5 6. Nf3 Nc6 7. Be3 h6 8. Qd2 g5 9. dxc5 gxf4 10. Bxf4 Nxc5 11. a3 a6 12. Bd3 b5 13. O-O Bb7 14. b4 Nd7 15. Qf2 Qb6 16. Be3 Qc7 17. Rae1 Ncxe5 18. Nxe5 Nxe5 19. Bd4 Nxd3 20. cxd3 Rg8 21. Re3 Bd6 22. Qh4 Rg6 23. Ne2 a5 24. Nf4 Bxf4 25. Rxf4 axb4 26. axb4 Ra2 27. Rg3 Qe7 28. Rxg6 fxg6 29. Qg4 g5 30. Qh5+ Kd8 31. Bf6 gxf4 32. Qxh6 Ra1+ 33. Kf2 Ra2+ 34. Ke1 1-0

[Event "RUS-chT Higher League 2021"]
[Site "Sochi"]
[Date "2021.05.01"]
[Round "1.12"]
[White "Kochukova, Anna"]
[Black "Zhelnin, Vladimir V"]
[Result "0-1"]
[ECO "B53"]
[WhiteElo "2108"]
[BlackElo "2408"]
[Annotator "NA"]
[PlyCount "120"]
[EventDate "2021.05.01"]
[EventType "team-tourn"]
[EventCountry "RUS"]
[SourceTitle "playchess.com"]
[Source "ChessBase"]
[SourceQuality "1"]
[TimeControl "40/5400+30:1800+30"]

1. e4 c5 2. Nf3 d6 3. d4 cxd4 4. Qxd4 Bd7 5. c4 Nc6 6. Qd1 g6 7. Be2 Bg7 8. O-O Nf6 9. Nc3 O-O 10. h3 Rc8 11. Be3 a6 12. Rc1 Qa5 13. Qb3 Qb4 14. Qxb4 Nxb4 15. a3 Nc6 16. b4 Be6 17. Ng5 Bd7 18. f4 Nh5 19. Bxh5 gxh5 20. Rfd1 h6 21. Nf3 Be6 22. Nd5 f5 23. exf5 Rxf5 24. Nh4 Rff8 25. Ng6 Rfe8 26. b5 axb5 27. cxb5 Bxd5 28. Rxd5 Kf7 29. Nh4 Na5 30. Rf5+ Ke6 31. Re1 Kd7 32. Rf7 Bf6 33. Nf5 Nc4 34. Bd4 Bxd4+ 35. Nxd4 Nxa3 36. b6 Rc4 37. Ne6 Nc2 38. Re2 Nd4 39. Nf8+ Kc6 40. Rexe7 Rxe7 41. Rxe7 Kxb6 42. g4 hxg4 43. hxg4 Nf3+ 44. Kg2 Rxf4 45. Nd7+ Kc6 46. Kg3 Ne5 47. Nxe5+ dxe5 48. Rxe5 Rf6 49. Kh4 b5 50. Kh5 b4 51. Ra5 Kb6 52. Re5 Ka6 53. Rd5 Rb6 54. Rf5 b3 55. Rf3 b2 56. Rf1 Kb5 57. Rb1 Kc5 58. Rxb2 Rxb2 59. Kxh6 Kd5 60. g5 Ke6 0-1

[Event "RUS-chT Higher League 2021"]
[Site "Sochi"]
[Date "2021.05.01"]
[Round "1.13"]
[White "Glek, Igor"]
[Black "Khegay, Dmitriy"]
[Result "1/2-1/2"]
[ECO "C44"]
[WhiteElo "2475"]
[BlackElo "2523"]
[Annotator "ChessBase"]
[PlyCount "148"]
[EventDate "2021.05.01"]
[EventType "team-tourn"]
[EventCountry "RUS"]
[SourceTitle "playchess.com"]
[Source "ChessBase"]
[SourceQuality "1"]
[TimeControl "40/5400+30:1800+30"]

1. e4 e5 2. Nf3 Nc6 3. d4 exd4 4. Nxd4 Nf6 5. Nc3 Bb4 6. Nxc6 bxc6 7. Bd3 d5 8. exd5 cxd5 9. O-O O-O 10. h3 c6 11. Bf4 Bd6 12. Qf3 Rb8 13. b3 Rb4 14. Bxd6 Qxd6 15. Rfe1 Be6 16. Ne2 Re8 17. c3 Rb7 18. Qf4 Qxf4 19. Nxf4 Rbe7 20. Kf1 Bd7 21. Rxe7 Rxe7 22. Re1 Kf8 23. c4 dxc4 24. Bxc4 Ne4 25. Rd1 Nc3 26. Rd2 Ne4 27. Rb2 g5 28. Ne2 c5 29. f3 Nd6 30. Bd3 Be6 31. Rc2 Rc7 32. Bxh7 f5 33. Bg6 Kg7 34. Bh5 c4 35. b4 Kf6 36. Nc3 Rb7 37. a3 Nb5 38. Be8 Nxc3 39. Rxc3 Re7 40. Ba4 Ke5 41. Re3+ Kd6 42. Bc2 Rb7 43. Ke1 f4 44. Re4 c3 45. Kd1 Rc7 46. Kc1 Bc4 47. Bd3 Kd5 48. Bxc4+ Rxc4 49. Re7 a5 50. Re4 axb4 51. axb4 Rd4 52. Rxd4+ Kxd4 53. Kc2 Kc4 54. b5 Kxb5 55. Kxc3 Kc5 56. Kd3 Kd5 57. Ke2 Ke6 58. Kf2 Kf6 59. Kg1 Kg6 60. Kf1 Kf5 61. Ke1 Ke5 62. Ke2 Ke6 63. Kf2 Kf6 64. g3 fxg3+ 65. Kxg3 Kf5 66. Kg2 Ke5 67. Kf1 Kf5 68. Ke2 Ke5 69. Kf2 Kf4 70. Kg2 Ke5 71. Kg3 Kf5 72. h4 gxh4+ 73. Kxh4 Kf4 74. Kh5 Kxf3 1/2-1/2

[Event "RUS-chT Higher League 2021"]
[Site "Sochi"]
[Date "2021.05.01"]
[Round "1.14"]
[White "Yudin, Sergei"]
[Black "Eyvazov, Elkhan"]
[Result "1-0"]
[ECO "B06"]
[WhiteElo "2484"]
[BlackElo "2137"]
[Annotator "ChessBase"]
[PlyCount "71"]
[EventDate "2021.05.01"]
[EventType "team-tourn"]
[EventCountry "RUS"]
[SourceTitle "playchess.com"]
[Source "ChessBase"]
[SourceQuality "1"]
[TimeControl "40/5400+30:1800+30"]

1. e4 g6 2. d4 Bg7 3. c3 d6 4. Nf3 Nf6 5. Bd3 Nc6 6. d5 Nb8 7. c4 O-O 8. Nc3 Na6 9. O-O Nc5 10. Bc2 a5 11. h3 c6 12. Be3 Ncd7 13. Nd4 c5 14. Ndb5 Nb6 15. Qe2 Nfd7 16. a4 Nb8 17. Rad1 Na6 18. f4 f5 19. exf5 Bxf5 20. Bxf5 Rxf5 21. b3 Qd7 22. Ne4 h6 23. Qg4 Kh7 24. Ng3 h5 25. Qe2 Rf7 26. f5 gxf5 27. Qxh5+ Kg8 28. Nxf5 Qe8 29. Rf3 Rxf5 30. Qxf5 Nd7 31. Rg3 Kh8 32. Qg5 Qg8 33. Qxe7 Nf6 34. Bh6 Ne8 35. Bxg7+ Nxg7 36. Nxd6 1-0

[Event "RUS-chT Higher League 2021"]
[Site "Sochi"]
[Date "2021.05.01"]
[Round "1.15"]
[White "Mikhaylov, Artem"]
[Black "Pogromsky, Mikhail"]
[Result "0-1"]
[ECO "E10"]
[WhiteElo "2100"]
[BlackElo "2422"]
[Annotator "NA"]
[PlyCount "118"]
[EventDate "2021.05.01"]
[EventType "team-tourn"]
[EventCountry "RUS"]
[SourceTitle "playchess.com"]
[Source "ChessBase"]
[SourceQuality "1"]
[TimeControl "40/5400+30:1800+30"]

1. d4 Nf6 2. c4 e6 3. Nf3 a6 4. g3 b5 5. cxb5 axb5 6. Bg2 Bb7 7. O-O Be7 8. Nbd2 O-O 9. Qc2 Na6 10. e4 d5 11. exd5 Bxd5 12. a3 c5 13. Qd3 c4 14. Qe3 Nb4 15. Rb1 Nd3 16. Ne5 Bxg2 17. Kxg2 Qd5+ 18. Ndf3 Nxe5 19. dxe5 Ne4 20. Re1 Nc5 21. Qe2 Rfd8 22. Kg1 Nd3 23. Rd1 Bc5 24. Be3 Qe4 25. Ng5 Qxe5 26. Qh5 Qf5 27. g4 Qg6 28. Qxg6 hxg6 29. Rxd3 Rxd3 30. Bxc5 Rad8 31. Be3 Rd1+ 32. Rxd1 Rxd1+ 33. Kg2 e5 34. Ne4 Rb1 35. g5 Rxb2 36. Bc5 f5 37. gxf6 gxf6 38. Nxf6+ Kf7 39. Ne4 Ke6 40. Nc3 Kd7 41. Bb4 Kc6 42. Kf3 Rd2 43. h4 Rd4 44. Kg3 e4 45. Ne2 Rd3+ 46. Kg4 e3 47. f4 Rd1 48. h5 gxh5+ 49. Kxh5 Rf1 50. Kg4 Rf2 51. Nd4+ Kd5 52. Nxb5 Ke4 53. a4 Rxf4+ 54. Kg3 Rf1 55. a5 Rg1+ 56. Kh2 Ra1 57. Kg2 Kd3 58. Na3 e2 59. a6 Rxa3 0-1

[Event "RUS-chT Higher League 2021"]
[Site "Sochi"]
[Date "2021.05.01"]
[Round "1.16"]
[White "Matveev, Vladimir"]
[Black "Yarikov, Artem"]
[Result "1-0"]
[ECO "D11"]
[WhiteElo "2368"]
[BlackElo "1798"]
[Annotator "NA"]
[PlyCount "81"]
[EventDate "2021.05.01"]
[EventType "team-tourn"]
[EventCountry "RUS"]
[SourceTitle "playchess.com"]
[Source "ChessBase"]
[SourceQuality "1"]
[TimeControl "40/5400+30:1800+30"]

1. d4 d5 2. c4 c6 3. Nf3 Nf6 4. Qb3 g6 5. Nc3 Bg7 6. cxd5 Nxd5 7. e4 Nxc3 8. bxc3 O-O 9. Ba3 b6 10. Rd1 Qc7 11. Be2 Bb7 12. O-O Re8 13. e5 e6 14. Bd6 Qc8 15. c4 Nd7 16. c5 Ba6 17. Rfe1 Bxe2 18. Rxe2 b5 19. h4 h5 20. Qe3 Nf8 21. Qf4 Nh7 22. g4 hxg4 23. Qxg4 b4 24. h5 gxh5 25. Qxh5 Qa6 26. Re4 Qxa2 27. Rf4 Qc2 28. Qxf7+ Kh8 29. Nh4 Bh6 30. Ng6+ Qxg6+ 31. Qxg6 Rg8 32. Rg4 Rxg6 33. Rxg6 Bg5 34. d5 a5 35. dxe6 a4 36. e7 a3 37. e6 Bf6 38. Be5 Nf8 39. Bxf6+ Kh7 40. Rg7+ Kh6 41. Kg2 1-0

[Event "RUS-chT Higher League 2021"]
[Site "Sochi"]
[Date "2021.05.02"]
[Round "2.3"]
[White "Sergeyev, Alexander"]
[Black "Drygalov, Andrey"]
[Result "1/2-1/2"]
[ECO "D43"]
[WhiteElo "2357"]
[BlackElo "2500"]
[Annotator "ChessBase"]
[PlyCount "93"]
[EventDate "2021.05.01"]
[EventType "team-tourn"]
[EventCountry "RUS"]
[SourceTitle "playchess.com"]
[Source "ChessBase"]
[SourceQuality "1"]
[TimeControl "40/5400+30:1800+30"]

1. d4 Nf6 2. c4 e6 3. Nf3 d5 4. Nc3 c6 5. cxd5 exd5 6. Qc2 Be7 7. Bg5 g6 8. e3 Bf5 9. Bd3 Bxd3 10. Qxd3 Nbd7 11. O-O O-O 12. Rab1 a5 13. Qc2 Re8 14. Rfd1 Bd6 15. Na4 Qc7 16. Bxf6 Nxf6 17. a3 Qe7 18. Nc5 Bxc5 19. dxc5 a4 20. Rbc1 Ra5 21. Ne1 Nd7 22. Nd3 Rea8 23. Qc3 Rb5 24. Rd2 Rb3 25. Qd4 Nf8 26. Nf4 Ra5 27. Rdc2 Ne6 28. Qe5 Rab5 29. h4 Qc7 30. Qf6 Qd8 31. Qe5 Ng7 32. h5 Qe8 33. Qf6 Qe4 34. Rd2 Ne8 35. Qd8 Kf8 36. hxg6 hxg6 37. Rd4 Qf5 38. Rxa4 Qf6 39. Qd7 Rxb2 40. Ra8 Qe7 41. Qh3 Kg7 42. Qc8 Rb1 43. Rxb1 Rxb1+ 44. Kh2 Kf8 45. Qh3 Kg7 46. Qc8 Kf8 47. Qh3 1/2-1/2

[Event "RUS-chT Higher League 2021"]
[Site "Sochi"]
[Date "2021.05.02"]
[Round "2.4"]
[White "Gutenev, Alexander"]
[Black "Potapov, Alexander"]
[Result "0-1"]
[ECO "C78"]
[WhiteElo "2431"]
[BlackElo "2424"]
[Annotator "NA"]
[PlyCount "118"]
[EventDate "2021.05.01"]
[EventType "team-tourn"]
[EventCountry "RUS"]
[SourceTitle "playchess.com"]
[Source "ChessBase"]
[SourceQuality "1"]
[TimeControl "40/5400+30:1800+30"]

1. e4 e5 2. Nf3 Nc6 3. Bb5 a6 4. Ba4 Nf6 5. O-O b5 6. Bb3 Bb7 7. d3 Be7 8. a3 O-O 9. Nc3 d6 10. Ne2 d5 11. exd5 Nxd5 12. Re1 Kh8 13. c3 f5 14. Ng3 Qd6 15. Ng5 g6 16. d4 e4 17. Nh3 Nd8 18. Bh6 Re8 19. a4 Nf7 20. Bd2 Rad8 21. Qe2 Qb6 22. axb5 axb5 23. Nf4 Bg5 24. Bxd5 Bxd5 25. Nxd5 Rxd5 26. Bxg5 Nxg5 27. Qe3 Ne6 28. f3 Rdd8 29. Ne2 c5 30. Rad1 cxd4 31. Nxd4 Nxd4 32. Rxd4 Rxd4 33. cxd4 f4 34. Qxf4 Qxd4+ 35. Qe3 Qxb2 36. fxe4 Qe5 37. Rb1 Ra8 38. Qe2 Ra1 39. Rxa1 Qd4+ 40. Kf1 Qxa1+ 41. Kf2 Qd4+ 42. Kf3 b4 43. Qb5 Kg7 44. h4 Qd1+ 45. Kf4 Qd6+ 46. Kf3 h5 47. g3 Qd1+ 48. Ke3 Qe1+ 49. Kf3 Qc3+ 50. Kf4 b3 51. g4 hxg4 52. Qd7+ Kh6 53. Qe7 Qf3+ 54. Ke5 g3 55. Qd8 Qc3+ 56. Kf4 g2 57. e5 Qc1+ 58. Kf3 Qf1+ 59. Ke4 Qf5+ 0-1

[Event "RUS-chT Higher League 2021"]
[Site "Sochi"]
[Date "2021.05.02"]
[Round "2.7"]
[White "Garifullina, Leya"]
[Black "Ovod, Evgenija"]
[Result "1/2-1/2"]
[ECO "C65"]
[WhiteElo "2386"]
[BlackElo "2341"]
[Annotator "NA"]
[PlyCount "75"]
[EventDate "2021.05.01"]
[EventType "team-tourn"]
[EventCountry "RUS"]
[SourceTitle "playchess.com"]
[Source "ChessBase"]
[SourceQuality "1"]
[TimeControl "40/5400+30:1800+30"]

1. e4 e5 2. Nf3 Nc6 3. Bb5 Nf6 4. O-O Bc5 5. c3 O-O 6. d4 Bb6 7. Re1 d6 8. h3 Qe7 9. Bxc6 bxc6 10. dxe5 dxe5 11. Qa4 Rb8 12. Na3 Ne8 13. Nc4 f6 14. Be3 Nd6 15. Nfd2 Nxc4 16. Nxc4 Bxe3 17. Rxe3 Qc5 18. Re2 Rd8 19. Ne3 Be6 20. Qc2 a5 21. b3 Rd6 22. Rb1 Qa3 23. Qb2 Qxb2 24. Rbxb2 c5 25. Red2 Kf7 26. Kf1 Ke7 27. Ke2 Kd7 28. Rxd6+ cxd6 29. c4 a4 30. Kd3 axb3 31. axb3 Kc6 32. Kc3 Ra8 33. Rd2 Ra7 34. Rd1 Ra2 35. Rd2 Ra1 36. Rd1 Ra2 37. Rd2 Ra1 38. Rd1 1/2-1/2

[Event "RUS-chT Higher League 2021"]
[Site "Sochi"]
[Date "2021.05.02"]
[Round "2.8"]
[White "Kolmagorov, Alexey"]
[Black "Pingin, Artem"]
[Result "1/2-1/2"]
[ECO "E09"]
[WhiteElo "2129"]
[BlackElo "2347"]
[Annotator "NA"]
[PlyCount "77"]
[EventDate "2021.05.01"]
[EventType "team-tourn"]
[EventCountry "RUS"]
[SourceTitle "playchess.com"]
[Source "ChessBase"]
[SourceQuality "1"]
[TimeControl "40/5400+30:1800+30"]

1. c4 e6 2. g3 Nf6 3. Bg2 d5 4. Nf3 Be7 5. O-O O-O 6. d4 Nbd7 7. Qc2 c6 8. Nbd2 b6 9. e4 dxc4 10. Nxc4 Bb7 11. Bf4 c5 12. Rfe1 cxd4 13. Nd6 Bxd6 14. Bxd6 d3 15. Qxd3 Bxe4 16. Qd4 e5 17. Qa4 Re8 18. Rad1 Bxf3 19. Bxf3 e4 20. Bxe4 Nxe4 21. Rxe4 Rxe4 22. Qxe4 Nc5 23. Qf3 Ne6 24. Be7 Qe8 25. Qb7 Qc8 26. Qxc8+ Rxc8 27. Rd7 Rc7 28. Rxc7 Nxc7 29. Kf1 f6 30. Bd6 Nd5 31. Ke2 Kf7 32. Kd3 Ke6 33. Bf8 g6 34. Kd4 Nc7 35. Bb4 Kd7 36. Ke4 Ke6 37. Kd4 Kd7 38. Ke4 Ke6 39. Kd4 1/2-1/2

[Event "RUS-chT Higher League 2021"]
[Site "Sochi"]
[Date "2021.05.02"]
[Round "2.10"]
[White "Balashov, Yuri S"]
[Black "Novikov, Maxim"]
[Result "1-0"]
[ECO "B74"]
[WhiteElo "2461"]
[BlackElo "2469"]
[Annotator "ChessBase"]
[PlyCount "111"]
[EventDate "2021.05.01"]
[EventType "team-tourn"]
[EventCountry "RUS"]
[SourceTitle "playchess.com"]
[Source "ChessBase"]
[SourceQuality "1"]
[TimeControl "40/5400+30:1800+30"]

1. e4 c5 2. Nf3 d6 3. d4 cxd4 4. Nxd4 Nf6 5. Nc3 g6 6. Be2 Bg7 7. O-O O-O 8. Be3 Nc6 9. Nb3 Be6 10. f4 Na5 11. f5 Bc4 12. Bd3 Nxb3 13. axb3 Bxd3 14. cxd3 a6 15. Qf3 d5 16. Bf2 d4 17. Ne2 Nd7 18. Nxd4 Nc5 19. b4 Bxd4 20. bxc5 Bxf2+ 21. Rxf2 Qd4 22. Rc1 Rad8 23. Rc3 a5 24. h4 f6 25. Kh2 Rf7 26. Re2 Rg7 27. g3 Kh8 28. fxg6 Rxg6 29. Qe3 Qe5 30. Rf2 a4 31. Rf5 Qe6 32. Rc4 Rdg8 33. Rf3 Rg4 34. Qd4 Qc6 35. Qe3 Qb5 36. Rc2 Qb3 37. Rg2 Qf7 38. e5 Qg7 39. Re2 f5 40. e6 f4 41. Rxf4 Rxg3 42. Qd4 Qxd4 43. Rxd4 R3g4 44. Rde4 Rg3 45. Rd2 R3g4 46. Rxg4 Rxg4 47. d4 Kg7 48. d5 Kf6 49. d6 Rg8 50. d7 Rd8 51. Re2 Rg8 52. Re4 h5 53. Rb4 Kxe6 54. Rxb7 Rd8 55. c6 Kd6 56. c7 1-0

[Event "RUS-chT Higher League 2021"]
[Site "Sochi"]
[Date "2021.05.02"]
[Round "2.11"]
[White "Sadovsky, Artem"]
[Black "Kalegin, Evgenij"]
[Result "0-1"]
[ECO "A05"]
[WhiteElo "2408"]
[BlackElo "2414"]
[Annotator "NA"]
[PlyCount "112"]
[EventDate "2021.05.01"]
[EventType "team-tourn"]
[EventCountry "RUS"]
[SourceTitle "playchess.com"]
[Source "ChessBase"]
[SourceQuality "1"]
[TimeControl "40/5400+30:1800+30"]

1. Nf3 Nf6 2. c4 g6 3. b3 Bg7 4. Bb2 O-O 5. d4 c5 6. e3 cxd4 7. Nxd4 d5 8. Nc3 Qa5 9. Qd2 dxc4 10. Bxc4 Rd8 11. Ne4 Qb6 12. Ng5 e6 13. O-O-O Na6 14. Bc3 Qc5 15. Qb2 Nd5 16. Ndxe6 Bxe6 17. Bxg7 Nxe3 18. Nxe6 Nxc4 19. Nxc5 Nxb2 20. Kxb2 Nxc5 21. Bd4 Rd5 22. Be3 Nd3+ 23. Kb1 a6 24. g4 Rad8 25. g5 R8d6 26. h4 f5 27. Rd2 f4 28. Ba7 Kf7 29. Rhd1 Ke6 30. Re2+ Kf5 31. Re7 Rd7 32. Re8 Kg4 33. Rg1+ Kf3 34. Rf8 Nxf2 35. Bb8 Rd4 36. Rc1 Rd8 37. Rc3+ Kg4 38. Rxd8 Rxd8 39. Ba7 Ne4 40. Rc7 Kxh4 41. Rxh7+ Kxg5 42. Rxb7 Kg4 43. a4 g5 44. b4 f3 45. Rf7 Kg3 46. Kc2 f2 47. b5 axb5 48. axb5 Rd2+ 49. Kb3 Rd1 50. Rxf2 Nxf2 51. b6 Ne4 52. Kc4 Nd6+ 53. Kc5 Nb7+ 54. Kc6 Na5+ 55. Kb5 Rd5+ 56. Ka6 Kf3 0-1